 Dungeon Crawl Stone Soup version 0.26.0-10-g1f06aea511 (webtiles) character file.

Game seed: 10086198548051059921

788 Aviak the Firebug (level 7, -1/58 HPs)
             Began as a Green Draconian Fire Elementalist on Jan 14, 2021.
             Was a High Priest of Jiyva.
             Slain by a wraith (5 damage)
             ... in an ossuary.
             The game lasted 00:06:27 (5880 turns).

Aviak the Firebug (DrFE)                            Turns: 5880, Time: 00:06:28

Health: -1/58      AC:  7    Str:  7    XL:     7   Next: 56%
Magic:  3/11       EV: 14    Int: 20    God:    Jiyva [*****.]
Gold:   99         SH:  0    Dex: 12    Spells: 4/12 levels left

rFire    . . .     SeeInvis .   j - +2 dagger (elec)
rCold    . . .     Faith    .   (no shield)
rNeg     . . .     Spirit   .   (armour unavailable)
rPois    +         Reflect  .   (helmet restricted)
rElec    .         Harm     .   (no cloak)
rCorr    +         Rampage  .   (no gloves)
Will     +....                  (no boots)
Stlth    ++........             (no amulet)
HPRegen  0.19/turn              (no ring)
MPRegen  0.12/turn              s - ring of willpower

@: slowed, very slow
A: breathe noxious fumes, unfitting armour, poison resistance, gelatinous body
1, cold-blooded, AC +6
a: Breathe Noxious Fumes, Renounce Religion, Request Jelly, Slimify, Cure Bad
Mutation


You were in an ossuary.
You worshipped Jiyva.
Jiyva was extremely pleased with you.
You visited 1 branch of the dungeon, and saw 6 of its levels.
You also visited: Ossuary.

You collected 99 gold pieces.

Inventory:

Hand Weapons
 a - a +0 dagger
 f - a +0 dagger of draining
 j - a +2 dagger of electrocution (weapon)
Jewellery
 q - an uncursed ring of ice
 s - a ring of willpower (right hand)
Wands
 p - a wand of paralysis (4)
Scrolls
 c - 2 scrolls of fear
 i - a scroll of identify
 k - 4 scrolls of amnesia
 o - 2 scrolls of teleportation {unknown}
 r - 4 scrolls of remove curse
 t - a scroll of magic mapping {unknown}
Potions
 b - 2 potions of degeneration {unknown}
 d - 2 potions of attraction {unknown}
 e - a potion of lignification {unknown}
 g - 2 potions of resistance {unknown}
 h - 2 potions of heal wounds
 l - a potion of ambrosia {unknown}
 m - a potion of curing {unknown}
 n - a potion of mutation {unknown}


   Skills:
 + Level 3.8 Fighting
 - Level 3.0 Dodging
 - Level 1.7 Stealth
 - Level 3.0 Spellcasting
 + Level 4.6 Conjurations
 + Level 5.5 Fire Magic


You had 4 spell levels left.
You knew the following spells:

 Your Spells              Type           Power        Failure   Level
a - Foxfire               Conj/Fire      92%          1%          1
b - Conjure Flame         Conj/Fire      23%          5%          3
c - Sticky Flame          Conj/Fire      23%          17%         4

Your spell library contained the following spells:

 Spells                   Type           Power        Failure   Level
 Inner Flame              Hex/Fire       14%          14%         3
 Fireball                 Conj/Fire      11%          43%         5


Dungeon Overview and Level Annotations

Branches:
Dungeon (6/15)            Ossuary (1/1)
 Temple: D:4-7

Altars:
Gozag
Uskayaw
Wu Jian
Yredelemnul
The Shining One
Jiyva

Annotations:
D:6 1 transporter, sahdkjhfkaj's ghost, novice DDFi


Innate Abilities, Weirdness & Mutations

You can breathe blasts of noxious fumes.
Your lurid green scales are hard. (AC +6)
You cannot fit into any form of body armour.
Your system is resistant to poisons. (rPois)
You are cold-blooded and may be slowed by cold attacks.
Your rubbery body absorbs attacks. (AC +1, EV +1)


Message History

You conjure some foxfire!
The foxfire hits the wraith.
The wraith is lightly damaged.
The foxfire hits the wraith.
The wraith is lightly damaged.
The wraith hits you!
* * * LOW HITPOINT WARNING * * *
Evoke which item? (* to show all) (? for menu, Esc to quit)
Okay, then.
The foxfire hits the wraith.
The wraith is moderately damaged.
The foxfire hits the wraith but does no damage.
The wraith is moderately damaged.
The wraith hits you!
* * * LOW HITPOINT WARNING * * *
The wraith drains your vigour!
You feel as though you will be slow longer.
The wraith barely misses you.
The jelly hits the wraith but does no damage.
The wraith hits you.
You die...

#.....................^..
#..####.####....^####.###
#. +..#.....8...'.#..'.
#..####.####....^####.###
#......^J................
#............#.#^.^......
#..####....^.#.#......###
#. +...8...#.#...8...'.
.####.@W...###......###
.........J.............^
........................
..#.#..#.#..#.#..#.#..#.
. #+#..#'#..#'#..#'#..#'
#..#=#..#.#..#.#..#.
#..###..###..###..##
....................
....^.......^........


You could see a wraith and 2 neutral jellies (fellow slime).

Vanquished Creatures
  A sky beast (D:5)
  An ice beast (D:6)
  A necrophage (D:6)
  An ogre (D:5)
  An orc priest (D:4)
  A gnoll shaman (D:3)
  A hound (D:4)
  A bullfrog skeleton (D:5)
  An iguana (D:6)
  2 worker ants
  2 big kobold zombies (Ossuary)
  2 mummies (Ossuary)
  2 worker ant zombies (D:5)
  3 adders
  6 gnolls
  An ooze (D:2)
  3 worms
  A dart slug (D:1)
  2 leopard geckos
  3 orcs
  3 giant cockroaches
  A gnoll zombie (Ossuary)
  8 goblins
  3 hobgoblins (D:1)
  6 kobolds
  2 quokkas
  8 bats
  8 frilled lizards
  2 goblin zombies (Ossuary)
  2 hobgoblin zombies (Ossuary)
  3 kobold zombies (Ossuary)
82 creatures vanquished.

Vanquished Creatures (others)
  Grinder (D:4)
  An ogre (D:5)
  An elf zombie (Ossuary)
  8 jellies
  A scorpion (D:4)
  2 orc priests
  2 hounds (D:4)
  An orc wizard (D:5)
  2 worker ants
  An ooze (D:3)
  6 gnolls
  A howler monkey skeleton (D:4)
  A worm (D:3)
  12 orcs
  2 hobgoblins (D:3)
  A quokka (D:4)
  A ball python (D:4)
  2 frilled lizards
  2 kobold zombies (Ossuary)
  371 foxfires
419 creatures vanquished.

Grand Total: 501 creatures vanquished

Notes
Turn   | Place    | Note
-------+----------+-------------------------------------------
     0 | D:1      | Aviak the Draconian Fire Elementalist began the quest for
                  | the Orb.
     0 | D:1      | Reached XP level 1. HP: 14/14 MP: 3/3
   211 | D:1      | Reached XP level 2. HP: 19/20 MP: 1/5
   772 | D:1      | Reached XP level 3. HP: 26/26 MP: 6/6
  1349 | D:2      | Reached XP level 4. HP: 29/33 MP: 3/8
  1864 | D:2      | Found a faded altar of an unknown god.
  1928 | D:2      | Became a worshipper of Jiyva Jeir the Shapeless
  1928 | D:2      | Reached * piety under Jiyva
  2242 | D:3      | Reached ** piety under Jiyva
  2481 | D:3      | Found a basalt altar of Yredelemnul.
  2484 | D:3      | Found a glowing golden altar of the Shining One.
  2515 | D:3      | Noticed an angel
  2630 | D:3      | Found a hide-covered altar of Uskayaw.
  2843 | D:4      | Reached XP level 5. HP: 38/38 MP: 4/9
  2973 | D:3      | Reached skill level 4 in Fire Magic
  2989 | D:4      | Reached *** piety under Jiyva
  2994 | D:3      | Learned a level 3 spell: Conjure Flame
  2999 | D:3      | Learned a level 4 spell: Sticky Flame
  3401 | D:4      | Reached skill level 1 in Fighting
  3435 | D:4      | Gained mutation: You have sharp toenails. [Jiyva's grace]
  3476 | D:4      | Reached **** piety under Jiyva
  3641 | D:4      | Killed Grinder
  4124 | D:5      | Entered Level 5 of the Dungeon
  4124 | D:5      | Noticed a sky beast
  4130 | D:5      | Killed a sky beast
  4131 | D:5      | Reached XP level 6. HP: 48/48 MP: 3/10
  4283 | D:5      | Lost mutation: You have sharp toenails. [Jiyva's grace]
  4319 | D:5      | Reached ***** piety under Jiyva
  4448 | D:5      | Found an ornate altar of the Wu Jian Council.
  4582 | D:5      | Found an opulent altar of Gozag.
  5008 | D:5      | Reached skill level 5 in Fire Magic
  5008 | D:5      | Your scales start taking on a lurid green colour.
  5008 | D:5      | Reached XP level 7. HP: 56/56 MP: 6/11
  5008 | D:5      | Gained mutation: Your system is resistant to poisons.
                  | (rPois) [Green Draconian growth]
  5265 | D:6      | Found a transporter.
  5267 | D:6      | Noticed sahdkjhfkaj's ghost (novice DDFi)
  5315 | D:6      | Found a sand-covered staircase.
  5336 | D:6      | Gained mutation: Your rubbery body absorbs attacks. (AC +1,
                  | EV +1) [Jiyva's grace]
  5338 | Ossuary  | Entered an ossuary
  5338 | Ossuary  | Noticed a wraith
  5338 | Ossuary  | Noticed a wraith
  5338 | Ossuary  | Noticed a wraith
  5839 | Ossuary  | Noticed a wraith
  5880 | Ossuary  | Slain by a wraith

Illustrated notes

Levels and vault maps discovered:
D:1:      lemuel_arrival_rhombus, layout_loops_ring, hangedman_feature_mirror
D:2:      layout_basic, chequers_ecumenical_altar_simple
D:3:      layout_rooms, grunt_temple_overflow_holy_war,
          eat_drink_and_be_merry_uskayaw
D:4:      layout_cave_pools, serial_glass, glass_columns_a, glass_columns_a,
          moated_statue, chequers_jeans, uniq_grinder
D:5:      layout_cave_pods, overflow_temple_1_default, lemuel_altar_in_water
D:6:      layout_cave_pods, kennysheep_mini, general_overflow_altar,
          gammafunk_ghost_arena, lightli_ossuary_entry_decrepit_ruins,
          minmay_misc_feat_five
Ossuary:  ossuary_kennysheep_city_of_the_dead

Skill      XL: |  1  2  3  4  5  6  7 |
---------------+----------------------+-----
Dodging        | 2 3 |  3.0
Conjurations   | 2 3 4 |  4.6
Spellcasting   | 3 |  3.0
Fire Magic     | 4 5 |  5.5
Fighting       | 2 3 |  3.8
Stealth        | |  1.7

Action                   |  1- 3 |  4- 6 |  7- 9 || total
-------------------------+-------+-------+-------++-------
Melee: Dagger            |    56 |    57 |    22 ||   135
       Unarmed           |     7 |       |       ||     7
       Tailslap          |     5 |     5 |     3 ||    13
 Cast: Foxfire           |    29 |   133 |    61 ||   223
Invok: Request Jelly     |       |       |     1 ||     1
       Slimify           |       |       |     1 ||     1
  Use: Scroll            |       |       |     6 ||     6
       Potion            |       |       |     1 ||     1
 Stab: Sleeping          |     3 |     1 |     2 ||     6
Armor: Skin              |    17 |    13 |    15 ||    45
Dodge: Dodged            |    61 |    54 |    23 ||   138
